 Dungeon Crawl Stone Soup version 0.22.0-27-ga576289 (webtiles) character file.

100 poirepourri the Magician (level 4, -3/24 HPs)
             Began as a Deep Elf Conjurer on Aug 21, 2018.
             Slain by an orc
             ... wielding a +0 hand axe
              (7 damage)
             ... on level 3 of the Dungeon.
             The game lasted 00:02:18 (2499 turns).

poirepourri the Magician (Deep Elf Conjurer)        Turns: 2499, Time: 00:02:19

Health: -3/24      AC:  3    Str:  5    XL:     4   Next: 47%
Magic:  9/14       EV: 13    Int: 21    God:
Gold:   23         SH:  0    Dex: 15    Spells: 2/16 levels left

rFire    . . .     SeeInvis .   b - +1 dagger
rCold    . . .     Gourm    .   (no shield)
rNeg     . . .     Faith    .   a - +0 robe
rPois    .         Spirit   .   g - +0 helmet
rElec    .         Reflect  .   (no cloak)
rCorr    .         Harm     .   (no gloves)
MR       .....                  (no boots)
Stlth    ++........             (no amulet)
HPRegen  0.08/turn              (no ring)
MPRegen  0.14/turn              (no ring)

@: lethally poisoned (-3 -> -7)
A: no striking features
a: no special abilities


You were on level 3 of the Dungeon.
You were not hungry.

You visited 1 branch of the dungeon, and saw 3 of its levels.

You collected 23 gold pieces.

Inventory:

Hand Weapons
 b - a +1 dagger (weapon)
Armour
 a - a +0 robe (worn)
 g - a +0 helmet (worn)
Jewellery
 i - a +2 ring of protection {unknown}
Scrolls
 e - 2 scrolls of identify
 f - a scroll of enchant weapon
 j - a scroll of amnesia {unknown}
Potions
 d - 2 potions of brilliance
Comestibles
 c - 4 rations


   Skills:
 - Level 2.4 Dodging
 - Level 2.4 Stealth
 + Level 6.5 Spellcasting
 - Level 4.3 Conjurations


You had 2 spell levels left.
You knew the following spells:

 Your Spells              Type           Power        Failure   Level  Hunger
a - Magic Dart            Conj           ####         1%          1    None
b - Searing Ray           Conj           ####..       2%          2    None
c - Dazzling Spray        Conj/Hex       ###...       12%         3    #......
d - Iskenderun's Mystic   Conj           ####....     16%         4    ###....
e - Force Lance           Conj/Tloc      ###.....     36%         4    ###....

Your spell library contained the following spells:

 Spells                   Type           Power        Failure   Level  Hunger
 Fulminant Prism          Conj/Hex       ###.......   36%         4    ###....


Dungeon Overview and Level Annotations

Branches:
Dungeon (3/15)

Altars:
Dithmenos


Message History

The searing ray hits the orc.
The orc is moderately wounded.
The orc hits you with a flail! The adder bites you.
The kobold throws a stone.
The stone closely misses you.
The stone closely misses the adder.
The stone barely misses the orc.
The searing ray hits the orc.
You kill the orc!
The adder misses you.
The kobold throws a stone.
The stone closely misses you.
The kobold throws a stone.
The stone hits you but does no damage.
The searing ray hits the kobold.
You kill the kobold!
You finish channeling your searing ray.
The adder bites you.
* * * LOW HITPOINT WARNING * * *
You are poisoned.
The adder poisons you!
Unknown command.
You feel sick. The adder bites you.
* * * LOW HITPOINT WARNING * * *
The orc hits you with a hand axe!
You die...

.......##
.........
.......S#
........#
......§§#
.....)§l#
.....loS###.#.#
#@§§)....
##K§...##
§§...# .....#
g...$# ....(#
##.### .#


You could see an adder, an orc, a leopard gecko, a kobold and a frilled lizard.

Vanquished Creatures
  3 adders (D:2)
  An ooze (D:2)
  A worm (D:2)
  A dart slug (D:1)
  3 leopard geckos (D:1)
  An orc (D:3)
  2 ball pythons (D:1)
  7 bats
  2 giant cockroaches
  10 goblins
  6 hobgoblins
  3 jackals (D:1)
  4 frilled lizards
  9 kobolds
  4 rats
57 creatures vanquished.

Notes
Turn   | Place    | Note
-------+----------+-------------------------------------------
     0 | D:1      | poirepourri the Deep Elf Conjurer began the quest for the Orb.
     0 | D:1      | Reached XP level 1. HP: 10/10 MP: 6/6
   128 | D:1      | Reached skill level 4 in Spellcasting
   128 | D:1      | Reached XP level 2. HP: 7/15 MP: 0/9
   652 | D:1      | Reached XP level 3. HP: 19/19 MP: 2/11
   762 | D:1      | Learned a level 2 spell: Searing Ray
   766 | D:1      | Learned a level 3 spell: Dazzling Spray
   779 | D:1      | Reached skill level 5 in Spellcasting
  1641 | D:2      | Reached skill level 6 in Spellcasting
  1641 | D:2      | Reached XP level 4. HP: 24/24 MP: 5/14
  1908 | D:2      | Learned a level 4 spell: Iskenderun's Mystic Blast
  1913 | D:2      | Learned a level 4 spell: Force Lance
  2322 | D:2      | Found a shadowy altar of Dithmenos.
  2499 | D:3      | Slain by an orc

Skill      XL: |  1  2  3 |
---------------+----------+-----
Spellcasting   | 4 6 |  6.5
Dodging        | |  2.4
Stealth        | |  2.4
Conjurations   | |  4.3

Action                   |  1- 3 |  4- 6 || total
-------------------------+-------+-------++-------
Melee: Dagger            |     4 |       ||     4
 Cast: Magic Dart        |    80 |    19 ||    99
       Searing Ray       |     2 |     4 ||     6
  Use: Scroll            |     2 |     3 ||     5
  Eat: Ration            |     1 |     1 ||     2
Armor: Robe              |     5 |     3 ||     8
Dodge: Dodged            |    19 |     8 ||    27
